 Dungeon Crawl Stone Soup version 0.29-a0-119-g4040846114 (webtiles) character file.

Game seed: 1542288912134312257

3024 senseless the Covert (level 9, -12/81 HPs)
             Began as a Naga Fighter on Feb 8, 2022.
             Was a High Priest of Cheibriados.
             Mangled by a yak (13 damage)
             ... on level 8 of the Dungeon on Feb 19, 2022.
             The game lasted 00:19:20 (8923 turns).

senseless the Covert (Naga Fighter)                 Turns: 8923, Time: 00:19:21

Health: -12/81     AC: 15    Str: 29    XL:     9   Next: 85%
Magic:  0/3        EV:  6    Int: 21    God:    Cheibriados [*****.]
Gold:   309        SH: 13    Dex: 34    Spells: 8/8 levels left

rFire   . . .      SeeInvis +   a - +8 dagger of Moyfauco {antimagic, Dex+3}
rCold   . . .      Faith    .   o - +0 kite shield
rNeg    . . .      Spirit   .   q - +0 plate armour
rPois   +          Reflect  .   t - +2 helmet
rElec   .          Harm     .   s - +0 cloak
rCorr   .          Rampage  .   (no gloves)
Will    +....                   (no barding)
Stlth   +.........              (no amulet)
HPRegen 0.23/turn               e - +4 ring of slaying
MPRegen 0.08/turn               u - +6 ring of dexterity

@: very slow
A: AC +3, large, see invisible, deformed body, poison resistance, slowness 2,
spit poison 1, naga tail 1
a: Spit Poison, Renounce Religion, Bend Time, Temporal Distortion, Slouch, Step
From Time


You were on level 8 of the Dungeon.
You worshipped Cheibriados.
Cheibriados was extremely pleased with you.
You visited 1 branch of the dungeon, and saw 8 of its levels.

You collected 309 gold pieces.

Inventory:

Hand Weapons
 a - the +8 dagger of Moyfauco (weapon) {antimagic, Dex+3}
   (You found it on level 6 of the Dungeon)

   It reduces the magical energy of the wielder, and disrupts the spells and
   magical abilities of those it strikes.
   Natural abilities and divine invocations are not affected.
   Dex:       It affects your dexterity (+3).
 b - a +1 vorpal war axe
 c - a +4 dagger of flaming
 k - a +2 hand axe of flaming
Missiles
 p - 4 throwing nets
Armour
 o - a +0 kite shield (worn)
 q - a +0 plate armour (worn)
 s - a +0 cloak (worn)
 t - a +2 helmet (worn)
 w - +0 steam dragon scales
Jewellery
 e - a +4 ring of slaying (left hand)
 u - a +6 ring of dexterity (right hand)
 D - a +6 ring of intelligence
Wands
 v - a wand of iceblast (5)
 B - a wand of flame (18)
Scrolls
 y - a scroll of brand weapon
Potions
 d - a potion of might
 f - 2 potions of ambrosia
 g - a potion of invisibility {unknown}
 h - 2 potions of flight {unknown}
 i - a potion of degeneration {unknown}
 j - a potion of cancellation {unknown}
 l - 5 potions of curing
 m - a potion of brilliance {unknown}
 n - a potion of lignification {unknown}
 r - 3 potions of haste
 x - a potion of heal wounds
 A - a potion of magic {unknown}


   Skills:
 * Level 5.3 Fighting
 * Level 3.7 Short Blades
 - Level 5.3(5.7) Axes
 - Level 2.8(4.5) Polearms
 + Level 6.2 Armour
 + Level 2.7 Dodging
 * Level 8.6 Stealth
 - Level 3.9 Shields


You had 8 spell levels left.
You didn't know any spells.
Your spell library contained the following spells:

 Spells                   Type           Power      Damage    Failure   Level
 Ensorcelled Hibernation  Hex/Ice        0%         N/A       99%         2
 Passwall                 Tmut/Erth      0%         N/A       99%         2
 Confusing Touch          Hex            0%         N/A       100%        3
 Swiftness                Air            0%         N/A       100%        3
 Airstrike                Air            0%         N/A       100%        4
 Summon Lightning Spire   Summ/Air       0%         N/A       100%        4
 Lightning Bolt           Conj/Air       0%         1d11      100%        5
 Yara's Violent Unravell  Hex/Tmut       0%         3d3       100%        5
 Enfeeble                 Hex            0%         N/A       100%        7


Dungeon Overview and Level Annotations

Branches:
Dungeon (8/15)             Temple (0/1) D:6
   Lair: D:8-11

Altars:
Cheibriados
Dithmenos

Shops:
D:2 (   D:3 =

Annotations:
D:8 Grum


Innate Abilities, Weirdness & Mutations

Your serpentine skin is tough. (AC +3)
You have supernaturally acute eyesight. (SInv)
Armour fits poorly on your strangely shaped body.
Your system is resistant to poisons. (rPois)
You cover ground very slowly.
You can spit poison.
You have a snake-like lower body.


Message History

The wolf bites you. You block the wolf's attack.
The wolf bites you but does no damage.
You hit the wolf.
The wolf is lightly wounded.
The wolf bites you but does no damage. x2; The wolf barely misses you.
The wolf bites you but does no damage.
You barely miss the wolf.
The wolf is lightly wounded.
The wolf bites you.
Grum stares intently and snarls.
Grum hits you from afar with a -1 glaive!!
You block the wolf's attack.
A yak comes into view.
You block the wolf's attack. The wolf barely misses you. The wolf bites you.
The wolf bites you but does no damage. You block the wolf's attack.
Grum closely misses you. The wolf bites you.
The wolf bites you but does no damage.
Grum hits you from afar with a -1 glaive!
You block the wolf's attack. The wolf bites you!
* * * LOW HITPOINT WARNING * * *
The flow of time bends around you.
Cheibriados rebukes the wolf.
The wolf seems to slow down.
Cheibriados rebukes the wolf.
The wolf seems to slow down.
Grum hits you from afar with a -1 glaive.
* * * LOW HITPOINT WARNING * * *
You block the wolf's attack. x2
You block Grum's attack. The wolf bites you.
* * * LOW HITPOINT WARNING * * *
The wolf closely misses you. You block the wolf's attack.
Grum hits you but does no damage. The wolf bites you.
* * * LOW HITPOINT WARNING * * *
Grum hits you with a -1 glaive!
* * * LOW HITPOINT WARNING * * *
You block the wolf's attack. The wolf bites you but does no damage.
You block Grum's attack. The wolf bites you but does no damage.
The yak gores you!
You die...

......... ......#
.......... #.....#
......... #.....#
......# #.....#
.....# #.....# #...#
#.....#########...##
#.............Yg...#
##............<@h...+
#...............h...#
#.<....##..........##
#########..........#
#...........#
#...........+
##.....###### #######


You could see Grum, a yak and 2 wolves.

Vanquished Creatures
  The ghost of dohliylev the Cleaver, a novice MiBe of Trog (D:5)
  Prince Ribbit (D:4)
  Eustachio (D:6)
  2 steam dragons (D:7)
  Duvessa (D:5)
  An ice beast (D:5)
  A black bear (D:3)
  3 necrophages
  2 sky beasts (D:6)
  The ghost of p0werm0de the Skirmisher, an amateur DsBe of Trog (D:3)
  2 ogres
  3 kobold brigands
  A gnoll sergeant (D:6)
  A scorpion (D:5)
  A wyvern skeleton (D:7)
  Dowan (D:5)
  A water moccasin skeleton (D:2)
  2 quasits (D:3)
  A bullfrog zombie (D:6)
  A centaur zombie (D:7)
  A hound (D:5)
  A jelly (D:7)
  A gnoll shaman (D:7)
  2 orc priests
  Crazy Yiuf (D:5)
  2 iguanas
  2 orc wizards
  Robin (D:3)
  12 gnolls
  A howler monkey skeleton (D:6)
  10 adders
  A shadow imp (D:5)
  A white imp (D:7)
  A dart slug (D:5)
  A worm (D:3)
  14 orcs
  5 ball pythons
  2 bats (D:1)
  6 endoplasms
  3 giant cockroaches
  12 goblins
  9 hobgoblins
  10 quokkas
  5 frilled lizards
  17 kobolds
  9 rats
158 creatures vanquished.

Vanquished Creatures (collateral kills)
  A hobgoblin (D:4)
1 creature vanquished.

Vanquished Creatures (others)
  A white imp (D:5)
1 creature vanquished.

Grand Total: 160 creatures vanquished

Notes
Turn   | Place    | Note
-------+----------+-------------------------------------------
     0 | D:1      | senseless the Naga Fighter began the quest for the Orb.
     0 | D:1      | Reached XP level 1. HP: 21/21 MP: 1/1
    56 | D:1      | Reached XP level 2. HP: 28/28 MP: 2/2
   336 | D:1      | Reached skill level 1 in Stealth
   371 | D:1      | Found a faded altar of an unknown god.
   439 | D:1      | Prayed at the altar of an unknown god.
   439 | D:1      | Became a worshipper of Cheibriados the Contemplative
   439 | D:1      | Reached * piety under Cheibriados
   526 | D:1      | Reached XP level 3. HP: 32/34 MP: 3/3
  1034 | D:2      | Found Del Leidgh's Antique Weapon Shop.
  1200 | D:2      | Reached ** piety under Cheibriados
  1219 | D:2      | Reached skill level 2 in Stealth
  1219 | D:2      | Reached XP level 4. HP: 41/42 MP: 4/4
  1640 | D:2      | Reached XP level 5. HP: 40/49 MP: 5/5
  2161 | D:3      | Found Qozib's Jewellery Emporium.
  2263 | D:3      | Noticed a black bear
  2272 | D:3      | Killed a black bear
  2273 | D:3      | Reached skill level 1 in Axes
  2273 | D:3      | Reached skill level 3 in Stealth
  2273 | D:3      | Reached XP level 6. HP: 23/56 MP: 6/6
  2346 | D:3      | Reached skill level 1 in Dodging
  2537 | D:3      | Found a transporter.
  2542 | D:3      | Found a transporter.
  2623 | D:3      | Noticed Robin
  2632 | D:3      | Killed Robin
  2642 | D:3      | Reached *** piety under Cheibriados
  2812 | D:3      | Noticed p0werm0de's ghost (amateur DsBe)
  3062 | D:3      | Reached skill level 4 in Stealth
  3098 | D:3      | Killed p0werm0de's ghost
  3099 | D:3      | Reached XP level 7. HP: 45/63 MP: 7/7
  4099 | D:4      | Reached **** piety under Cheibriados
  4100 | D:4      | Reached skill level 5 in Stealth
  4554 | D:5      | Entered Level 5 of the Dungeon
  4692 | D:5      | Noticed Prince Ribbit
  4695 | D:5      | Noticed Duvessa
  4699 | D:5      | Noticed Dowan
  4704 | D:4      | Killed Prince Ribbit
  5007 | D:5      | Killed Duvessa
  5008 | D:5      | Reached XP level 8. HP: 65/72 MP: 8/8
  5012 | D:5      | Killed Dowan
  5013 | D:5      | Reached skill level 6 in Stealth
  5199 | D:5      | Noticed dohliylev's ghost (novice MiBe)
  5200 | D:5      | Found a runed translucent door.
  5592 | D:5      | Found a runed translucent door.
  5593 | D:5      | Noticed Crazy Yiuf
  5651 | D:5      | Killed Crazy Yiuf
  5949 | D:5      | Killed dohliylev's ghost
  5950 | D:5      | Reached skill level 5 in Axes
  5950 | D:5      | Reached skill level 5 in Armour
  5950 | D:5      | Reached skill level 7 in Stealth
  6175 | D:6      | Noticed Eustachio
  6181 | D:6      | Killed Eustachio
  6182 | D:6      | Reached XP level 9. HP: 71/79 MP: 9/9
  6226 | D:6      | Identified the +8 dagger of Moyfauco {antimagic, Dex+3}
  6438 | D:6      | Reached skill level 8 in Stealth
  6451 | D:6      | Reached skill level 1 in Short Blades
  6626 | D:6      | Found a shadowy altar of Dithmenos.
  6682 | D:6      | Found a staircase to the Ecumenical Temple.
  7698 | D:7      | Reached skill level 5 in Fighting
  8143 | D:7      | Reached ***** piety under Cheibriados
  8470 | D:7      | Upgraded the game from 0.29-a0-91-gdebf4667c2 to
                  | 0.29-a0-119-g4040846114
  8914 | D:8      | Noticed Grum
  8923 | D:8      | HP: 1/81 [Grum (7)]
  8923 | D:8      | Mangled by a yak

Illustrated notes

Levels and vault maps discovered:
D:1:      pf_arrival_petrified_forest, layout_basic,
          shapermc_ecumenical_altar_ellora
D:2:      layout_basic, serial_shops, nicolae_shop_advertising_works
          [nicolae_subvault_shop_adworks], grunt_ministairs_5, moated_statue
D:3:      layout_loops_ring, gammafunk_ghost_stat_death, serial_shops, shop,
          feat_on_display, uniq_robin
D:4:      layout_basic
D:5:      layout_loops_ring, hellmonk_ghost_happy_afterlife,
          lemuel_flame_loot_1, uniq_duvessa, uniq_crazy_yiuf_cottage,
          uniq_prince_ribbit1
D:6:      layout_layer_cave, grunt_dithmenos_smoke,
          minmay_temple_entry_enclosed_plants, uniq_eustachio
D:7:      layout_basic
D:8:      layout_gridville, lair_entry_dummy, hangedman_abyss_or_decor_stabs,
          nrook_mini_vaults, uniq_grum

Skill      XL: |  1  2  3  4  5  6  7  8  9 |
---------------+----------------------------+-----
Stealth        | 1 2 3 4 5 7 8 |  8.6
Armour         | 3 4 5 6 |  6.2
Axes           | 1 2 3 5 |  5.3
Dodging        | 1 2 |  2.7
Shields        | 3 |  3.9
Fighting       | 4 5 |  5.3
Short Blades   | 3 |  3.7
Polearms       | |  2.8

Action                   |  1- 3 |  4- 6 |  7- 9 || total
-------------------------+-------+-------+-------++-------
Melee: Trident           |    68 |       |       ||    68
       Hand axe          |    15 |   132 |   125 ||   272
       Dagger            |       |       |   166 ||   166
Invok: Bend Time         |       |       |     1 ||     1
  Use: Scroll            |       |       |    11 ||    11
       Potion            |       |       |     1 ||     1
 Stab: Sleeping          |       |       |     3 ||     3
Armor: Scale mail        |    20 |    91 |    13 ||   124
       Chain mail        |       |       |    23 ||    23
       Plate armour      |       |       |    84 ||    84
Dodge: Dodged            |    24 |    50 |    65 ||   139
Block: Buckler           |    16 |    42 |     5 ||    63
       Kite shield       |       |       |   196 ||   196

Table legend: (Time is in decaauts)
 A = Elapsed time spent in this place.
 B = Non-inter-level travel time spent in this place.
 C = Inter-level travel time spent in this place.
 D = Time resting spent in this place.
 E = Time spent auto-exploring this place.
 F = Levels seen in this place.
 G = Mean time per level.
                   A        B        C        D        E       F      G
               +--------+--------+--------+--------+--------+-----+--------+
         Total |  16232 |  15429 |    803 |    407 |  13361 |   8 | 2029.0 |
       Dungeon |  16232 |  15429 |    803 |    407 |  13361 |   8 | 2029.0 |
               +--------+--------+--------+--------+--------+-----+--------+

Top non-repeatable levels by time:
     D:6: 3024 daAuts
     D:4: 2985 daAuts
     D:5: 2442 daAuts
     D:7: 2281 daAuts
     D:2: 2112 daAuts
     D:3: 1915 daAuts
     D:1: 1412 daAuts
     D:8: 58 daAuts
